Map: Kairos Junction LE

Players

Zest - Winner!

  • Race: Protoss Protoss
  • League: Master
  • Spawn Location: 11:00

Classic

  • Race: Protoss Protoss
  • League: Master
  • Spawn Location: 5:00

Event: IEM Season 13 - Katowice Server Qualifiers Asia 2

VOD

Have the link to the VOD?

Description

Time

  • Played on: Jan. 22, 2019, 8:16 a.m.
  • Length: 5:51

All games in this series

Show
View Real Time Build Order
Export as new Build Order

Zest Protoss - Winner!

Build Orders:  

Get SALT Encoding   

  12  0:00  Probe  
  13  0:13  Probe  
  14  0:17  Pylon  
  14  0:24  Probe  
  15  0:32  Probe  
  15  0:36  Gateway  
  15  0:40  Probe  
  16  0:46  Assimilator  
  17  0:51  Probe  
  17  0:54  Assimilator  
  18  0:59  Probe  
  19  1:07  Gateway  
  19  1:08  Probe  
  19  1:17  Probe  
  20  1:23  Cybernetics Core  
  21  1:29  Probe  
  22  1:34  Pylon  
  22  1:40  Warp Gate  
  22  1:42  Probe  
  23  1:54  Probe  
  24  2:00  Sentry, Stalker  
  28  2:10  Pylon  
  28  2:16  Pylon  
  28  2:29  Stalker  
  30  2:30  Stalker  
  32  2:38  Gateway  
  32  2:59  Stalker  
  32  3:00  Stalker  
  36  3:18  Nexus  
  36  3:26  Shield Battery  
  36  3:36  Pylon  
  36  3:37  Shield Battery  
  36  3:55  Stalker x2  
  40  3:58  Stalker  
  41  4:18  Sentry x2  
  41  4:22  Stalker  
  47  4:30  Probe  
  48  4:44  Sentry, Stalker  
  50  4:48  Stalker  
  52  5:03  Stalker  
  52  5:14  Stalker  
  52  5:19  Stalker  
  56  5:29  Stalker  
  52  5:38  Stalker  
  48  5:45  Stalker  
Show
View Real Time Build Order
Export as new Build Order

Classic Protoss 

Build Orders: Oracle Opening 

Get SALT Encoding   

  12  0:00  Probe  
  13  0:12  Probe  
  14  0:17  Pylon  
  14  0:23  Probe  
  15  0:31  Probe  
  15  0:39  Gateway  
  15  0:40  Probe  
  16  0:45  Assimilator  
  17  0:50  Probe  
  17  0:54  Assimilator  
  18  0:58  Probe  
  19  1:06  Probe  
  20  1:14  Gateway  
  20  1:17  Probe  
  21  1:26  Cybernetics Core  
  21  1:29  Probe  
  22  1:34  Pylon  
  22  1:41  Probe  
  23  1:53  Probe  
  24  2:02  Stalker x2  
  24  2:03  Warp Gate  
  28  2:10  Pylon  
  28  2:22  Stargate  
  28  2:34  Adept x2  
  32  2:59  Oracle, Nexus  
  35  3:17  Stalker  
  37  3:23  Shield Battery  
  37  3:30  Pylon  
  38  3:44  Oracle  
  40  3:58  Shield Battery  
  40  4:04  Stalker x2  
  44  4:19  Oracle  
  46  4:29  Zealot, Stalker  
  51  4:35  Probe x2  
  47  4:51  Stalker  
  49  4:54  Stalker  
  49  4:55  Shield Battery  
  47  5:15  Stalker  
  47  5:18  Stalker  
  42  5:37  Stalker x2  

Tags
 
Add a new tag
Caveats
  • Supply blocks, unpowered buildings, or Contaminate may cause inaccurate times.
  • Supply counts are checked every 10 seconds.